 Dungeon Crawl Stone Soup version 0.27-a0-1497-gf8f22f7954 (webtiles) character file.

Game seed: 17860299033108012620

14365 Bapho the Cruncher (level 12, -6/121 HPs)
             Began as a Formicid Fighter on July 7, 2021.
             Was a High Priest of Okawaru.
             Mangled by an orc warlord (19 damage)
             ... on level 1 of the Orcish Mines.
             The game lasted 00:28:38 (12503 turns).

Bapho the Cruncher (Formicid Fighter)              Turns: 12503, Time: 00:28:39

Health: -6/121     AC: 26    Str: 24    XL:     12   Next: 44%
Magic:  12/12      EV:  2    Int: 10    God:    Okawaru [*****.]
Gold:   835        SH:  0    Dex: 10    Spells: 11/11 levels left

rFire    . . .     SeeInvis .   b - +3 lajatang (vamp)
rCold    . . .     Faith    .   c - +1 kite shield
rNeg     + + +     Spirit   .   (armour currently unavailable)
rPois    +         Reflect  .   (helmet unavailable)
rElec    .         Harm     .   (cloak currently unavailable)
rCorr    +         Rampage  .   (gloves currently unavailable)
Will     +....                  (boots currently unavailable)
Stlth    +.........             I - amulet of the acrobat
HPRegen  0.30/turn              p - ring of resist corrosion
MPRegen  0.13/turn              F - ring of poison resistance

@: confused, brilliant, tree-form, ambrosia-drunk, attractive
A: stationary, stasis, torment immunity, boosted hp, permanent stasis, dig
shafts and tunnels, (antennae 3), four strong arms
a: Renounce Religion, Heroism, Finesse


You were on level 1 of the Orcish Mines.
You worshipped Okawaru.
Okawaru was extremely pleased with you.
You were a tree.
You visited 4 branches of the dungeon, and saw 14 of its levels.

You collected 835 gold pieces.

Inventory:

Hand Weapons
 a - a +0 shortbow
 b - a +3 vampiric lajatang (weapon)
 K - a +1 war axe
Missiles
 h - 153 stones (quivered)
 E - 3 throwing nets
 H - 3 atropa-tipped darts
 L - 168 arrows
Armour
 c - a +1 kite shield (worn)
 d - a +0 scale mail
 e - a scarf of resistance (melded)
 g - +0 ice dragon scales (melded)
 j - a +0 chain mail
 u - a +0 pair of boots (melded)
 v - a +0 pair of gloves (melded)
Jewellery
 f - a +6 ring of strength
 p - a ring of resist corrosion (left branch)
 w - a ring of protection from cold
 F - a ring of poison resistance (right branch)
 I - an amulet of the acrobat (around neck)
 M - a ring of fire
 S - a ring of positive energy
Wands
 z - a wand of acid (7)
 C - a wand of polymorph (22)
 G - a wand of paralysis (3)
 Q - a wand of flame (11)
 U - a wand of charming (11)
Scrolls
 i - 2 scrolls of noise
 k - 2 scrolls of fog
 q - 2 scrolls of enchant weapon
 s - 2 scrolls of vulnerability
 y - a scroll of fear
 B - 5 scrolls of magic mapping
 J - 2 scrolls of identify
 N - a scroll of holy word {unknown}
Potions
 l - 7 potions of flight
 m - 2 potions of resistance
 n - 3 potions of lignification
 o - 2 potions of brilliance
 r - a potion of haste
 t - 2 potions of curing
 A - 6 potions of degeneration
 D - 2 potions of attraction
 O - a potion of invisibility {unknown}
 P - a potion of magic
 R - a potion of berserk rage {unknown}
 T - a potion of heal wounds {unknown}


   Skills:
 - Level 3.2 Fighting
 - Level 8.2(10.8) Axes
 - Level 11.2(13.9) Polearms
 * Level 11.6(13.3) Staves
 - Level 3.5 Armour
 - Level 9.0 Shields
 + Level 0.0 Invocations
 + Level 0.0 Evocations


You had 11 spell levels left.
You didn't know any spells.
Your spell library contained the following spells:

 Spells                   Type           Power      Damage    Failure   Level
 Animate Skeleton         Necr           0%         N/A       36%         1
 Beastly Appendage        Tmut           0%         N/A       36%         1
 Pain                     Necr           0%         1d4       36%         1
 Shock                    Conj/Air       0%         1d3       36%         1
 Summon Small Mammal      Summ           0%         N/A       36%         1
 Wereblood                Tmut           0%         N/A       50%         2
 Call Canine Familiar     Summ           0%         N/A       75%         3
 Portal Projectile        Hex/Tloc       0%         N/A       75%         3
 Spider Form              Tmut/Pois      0%         N/A       75%         3
 Summon Guardian Golem    Hex/Summ       0%         N/A       75%         3
 Vampiric Draining        Necr           0%         2d6       75%         3
 Airstrike                Air            0%         N/A       98%         4
 Leda's Liquefaction      Hex/Erth       0%         N/A       98%         4
 Swiftness                Air            Unusable   N/A       N/A         3

Dungeon Overview and Level Annotations

Branches:
Dungeon (10/15)            Temple (1/1) D:4            Lair (1/6) D:10
    Orc (2/2) D:10
    Elf: Orc:2

Altars:
Ashenzari
Cheibriados
Dithmenos
Elyvilon
Fedhas
Gozag
Hepliaklqana
Kikubaaqudgha
Makhleb
Nemelex Xobeh
Okawaru
Qazlal
Ru
Sif Muna
Trog
Uskayaw
Vehumet
Wu Jian
Xom
Yredelemnul
Zin
The Shining One

Shops:
D:5 :   D:6 !***(   D:9 (

Annotations:
Orc:2 Urug


Innate Abilities, Weirdness & Mutations

You are a tree.
Your roots penetrate the ground, keeping you stationary.
You cannot be teleported.
You are immune to unholy pain and torment.
Your maximum health is greatly increased.
Your equipment is partially melded.
You cannot be hasted, slowed, berserked, paralysed or teleported.
You can dig through walls and to a lower floor.
((You have a pair of large antennae on your head. (SInv)))
Your four strong arms can wield two-handed weapons with a shield.


Message History

The orc warlord is lightly wounded.
You block the orc's attack.
You hit the orc warlord.
You feel better.
The orc warlord is lightly wounded.
You block the orc warlord's attack. The orc hits you but does no damage.
You slash the orc warlord!
The orc warlord is lightly wounded.
The orc warlord hits you with a +0 long sword!
* * * LOW HITPOINT WARNING * * *
The orc no longer looks unusually strong.
It was a potion of lignification.
You turn into a tree.
Your scarf of resistance melds into your body.
Your +0 pair of gloves melds into your body.
Your +0 pair of boots melds into your body.
Your +0 ice dragon scales melds into your body.
You feel hot and cold all over.
Your roots penetrate the ground.
You block the orc's attack.
The orc warlord roars a battlecry!
The orc goes into a battle-frenzy!
It was a potion of curing.
You feel better.
You feel like a meek peon again. You block the orc's attack.
The orc warlord hits you but does no damage.
It was a potion of brilliance.
You feel clever all of a sudden. You block the orc's attack.
The orc warlord hits you but does no damage.
It was a potion of attraction.
You feel attractive to monsters. The orc hits you but does no damage.
The orc warlord hits you but does no damage.
It was a potion of magic.
Magic courses through your body. You block the orc's attack.
The orc warlord hits you but does no damage.
It was a potion of ambrosia.
You are confused.
You feel invigorated. The orc hits you with a +0 falchion.
* * * LOW HITPOINT WARNING * * *
The orc warlord hits you with a +0 long sword!!
You die...

##.###..#.....................#
#...#...##.#..............#..##
##..^#......#..........#......##
#...###.##........#)...........#
##.......#........<>...........#
##..................#.....#..##
###.#.....................###
####.......o...........##
##.#....♣o..........#####
#........#...##.#....#.##
##......#.....#.##.......
##......................#
#.........[...#.#...##.##
#..............#...#####.
##..#..(........#.## ##
#####.#)##.....### #
##.#))#..^..##


You could see an orc warlord and an orc (strong).

Vanquished Creatures
  Harold (D:7)
  An ogre mage (D:10)
  6 two-headed ogres
  An orc knight (Orc:1)
  Joseph (D:7)
  Maurice (D:8)
  Psyche (D:8)
  A komodo dragon (Lair:1)
  A troll (D:9)
  A meliai zombie (D:10)
  A vampire (D:10)
  13 yaks
  A wyvern (D:10)
  A steam dragon (D:8)
  Menkaure (D:4)
  5 water moccasins
  7 orc warriors
  2 sky beasts
  3 black bears
  An ice beast (D:7)
  A swamp drake (D:10)
  An ogre (D:6)
  A necrophage (D:7)
  4 centaurs
  A kobold brigand (D:8)
  4 bullfrogs
  A gnoll sergeant (D:7)
  A scorpion (D:6)
  10 wights
  3 howler monkeys
  3 crimson imps (D:5)
  4 centaur zombies
  A bullfrog zombie (D:6)
  A hound (D:5)
  2 orc priests
  A jelly (D:4)
  2 bullfrog skeletons
  A gnoll shaman (D:4)
  A centaur skeleton (D:6)
  Terence (D:3)
  18 orc wizards
  4 iguanas
  A killer bee zombie (D:8)
  A hound skeleton (D:5)
  5 adders
  16 gnolls
  A shadow imp (D:5)
  2 white imps (D:6)
  An ufetubus (D:4)
  4 worms
  A dart slug (D:4)
  38 orcs
  4 ball pythons
  5 endoplasms
  4 giant cockroaches
  4 goblins
  7 hobgoblins
  6 jackals
  17 kobolds
  3 quokkas
  6 bats
  4 frilled lizards
  8 rats
254 creatures vanquished.

Vanquished Creatures (others)
  Prince Ribbit (D:8)
  26 fungi (D:10)
  19 plants (D:10)
46 creatures vanquished.

Grand Total: 300 creatures vanquished

Notes
Turn   | Place    | Note
-------+----------+-------------------------------------------
     0 | D:1      | Bapho the Formicid Fighter began the quest for the Orb.
     0 | D:1      | Reached XP level 1. HP: 18/18 MP: 1/1
    83 | D:1      | Reached XP level 2. HP: 19/24 MP: 2/2
   480 | D:1      | Reached XP level 3. HP: 29/29 MP: 3/3
   898 | D:1      | Found a faded altar of an unknown god.
  1168 | D:2      | Reached XP level 4. HP: 32/35 MP: 4/4
  1683 | D:3      | Noticed a bullfrog
  1692 | D:3      | Killed a bullfrog
  1693 | D:3      | Reached skill level 5 in Shields
  1693 | D:3      | Reached XP level 5. HP: 26/41 MP: 5/5
  1908 | D:3      | Noticed Terence
  1926 | D:3      | Killed Terence
  2957 | D:4      | Found a staircase to the Ecumenical Temple.
  3001 | D:4      | Reached XP level 6. HP: 39/47 MP: 6/6
  3003 | Temple   | Entered the Ecumenical Temple
  3135 | Temple   | Became a worshipper of Warmaster Okawaru
  3180 | D:4      | Found a bloodstained altar of Trog.
  3180 | D:4      | Found a sparkling altar of Nemelex Xobeh.
  3180 | D:4      | Found a glowing golden altar of the Shining One.
  3826 | D:4      | Noticed Menkaure
  3835 | D:4      | Killed Menkaure
  3835 | D:4      | Reached * piety under Okawaru
  3836 | D:4      | Reached skill level 5 in Axes
  3836 | D:4      | Reached XP level 7. HP: 21/52 MP: 7/7
  4456 | D:5      | Entered Level 5 of the Dungeon
  4656 | D:5      | Found Syimm's Self-Improvement Boutique.
  4750 | D:5      | Found Bauf's Antique Weapon Shoppe.
  5284 | D:5      | Reached XP level 8. HP: 57/58 MP: 8/8
  5361 | D:5      | Found an ancient bone altar of Kikubaaqudgha.
  5386 | D:5      | Found a sacrificial altar of Ru.
  5421 | D:5      | Found a shimmering altar of Xom.
  5442 | D:5      | Reached ** piety under Okawaru
  5599 | D:6      | Found Nuvvyid's Assorted Antiques.
  5607 | D:6      | Found Deryneosch's Weapon Shop.
  5609 | D:6      | Found Ruarr's General Store.
  6283 | D:6      | Reached XP level 9. HP: 48/58 MP: 9/9
  6395 | D:6      | Found Yzemuemp's Assorted Antiques.
  6568 | D:6      | Found Tatarog's Distillery.
  6576 | D:6      | Identified 2 scrolls of acquirement
  6576 | D:6      | Acquired +0 ice dragon scales
  6616 | D:6      | Acquired a +3 vampiric lajatang
  6700 | D:7      | Reached skill level 1 in Polearms
  6732 | D:7      | Reached skill level 1 in Staves
  6849 | D:7      | Noticed Joseph
  6854 | D:7      | Found a burning altar of Makhleb.
  6875 | D:7      | Killed Joseph
  6875 | D:7      | Reached *** piety under Okawaru
  7446 | D:7      | Identified the +1 ring mail of Soychude {rCorr Int-3 Dex+2}
  7812 | D:8      | Noticed Prince Ribbit
  7812 | D:8      | Noticed Psyche
  7821 | D:8      | Killed Prince Ribbit
  7824 | D:8      | Killed Psyche
  7825 | D:8      | Reached skill level 5 in Polearms
  7825 | D:8      | Reached skill level 5 in Staves
  7825 | D:8      | Reached XP level 10. HP: 70/70 MP: 8/10
  7854 | D:8      | Noticed Harold
  7878 | D:8      | Noticed a two-headed ogre
  7900 | D:7      | Killed Harold
  7900 | D:7      | Reached **** piety under Okawaru
  8111 | D:8      | Noticed Maurice
  8147 | D:8      | Killed Maurice
  8235 | D:8      | Killed a two-headed ogre
  8235 | D:8      | Reached ***** piety under Okawaru
  8239 | D:8      | Reached XP level 11. HP: 42/75 MP: 9/11
  8655 | D:8      | Received a gift from Okawaru
  8865 | D:8      | Found a shimmering blue altar of Sif Muna.
  8947 | D:9      | Found Moekk's Antique Weapon Boutique.
  9951 | D:10     | Entered Level 10 of the Dungeon
 10496 | D:10     | Found a staircase to the Orcish Mines.
 10641 | D:10     | Found a staircase to the Lair.
 10812 | D:10     | Noticed a two-headed ogre
 10821 | D:10     | Killed a two-headed ogre
 10822 | D:10     | Reached skill level 10 in Polearms
 10822 | D:10     | Reached skill level 10 in Staves
 11001 | D:10     | Noticed an ogre mage
 11001 | D:10     | Noticed a two-headed ogre
 11001 | D:10     | Noticed a two-headed ogre
 11001 | D:10     | Noticed a two-headed ogre
 11001 | D:10     | Noticed a two-headed ogre
 11003 | D:10     | Killed an ogre mage
 11008 | D:10     | Killed a two-headed ogre
 11009 | D:10     | Reached XP level 12. HP: 69/81 MP: 9/12
 11017 | D:10     | Killed a two-headed ogre
 11368 | D:9      | Killed a two-headed ogre
 11376 | D:9      | Killed a two-headed ogre
 11756 | Lair:1   | Entered Level 1 of the Lair of Beasts
 11765 | Lair:1   | Received a gift from Okawaru
 11787 | Lair:1   | Noticed a five-headed hydra
 11954 | Orc:1    | Entered Level 1 of the Orcish Mines
 12350 | Orc:2    | Entered Level 2 of the Orcish Mines
 12356 | Orc:2    | Noticed Urug
 12477 | Orc:2    | Noticed an orc warlord
 12495 | Orc:1    | HP: 3/81 [orc warlord (16)]
 12503 | Orc:1    | Mangled by an orc warlord

Illustrated notes

Levels and vault maps discovered:
D:1:      enne_arrival_octagon_isle, layout_basic,
          chequers_ecumenical_altar_grove
D:2:      layout_rooms
D:3:      layout_basic, serial_rivers, chequers_serial_rivers_room_b,
          chequers_serial_rivers_room_a, chequers_serial_rivers_micro_d,
          chequers_serial_rivers_micro_c, chequers_serial_rivers_small_a,
          chequers_serial_rivers_small_b, st_stairs_4,
          chequers_serial_rivers_small_b, corner_web_ring, uniq_terence
D:4:      layout_loops_ring, chequers_temple_overflow_statue_of_worship,
          minmay_temple_entry_butterflies, uniq_menkaure
D:5:      minmay_general_purpose_star, layout_rooms, led_xom_imps,
          mainiacjoe_overflow_two_lobes, serial_shops, shop,
          nicolae_shop_self_help
D:6:      layout_basic, serial_shops, nicolae_shop_crystal, shop, shop, shop,
          nicolae_shop_behind_doors, due_unseen_surprise
D:7:      layout_basic, amcnicky_altar_gilded, minmay_crossroads, uniq_joseph
D:8:      layout_rooms, kennysheep_mini_moat, uniq_maurice, uniq_prince_ribbit1,
          uniq_psyche, uniq_harold
D:9:      layout_loops_ring, serial_shops, nicolae_shop_statue_plus
D:10:     layout_roguey, due_lair_maze_entry_diamond, erik_orc_1
Temple:   zaba_magenta_temple
Lair:1:   layout_cave_shapes, pond
Orc:1:    layout_caves, serial_shops, shop
Orc:2:    grunt_orc_community_town_hall, layout_caves,
          grunt_orc_community_big_house_1, grunt_orc_community_big_house_2,
          grunt_orc_community_house_2, grunt_orc_community_house_1,
          grunt_orc_community_house_2, grunt_orc_community_house_2,
          grunt_orc_community_house_3, kennysheep_orc_chapel, uniq_urug

Skill      XL: |  1  2  3  4  5  6  7  8  9 10 11 12 |
---------------+-------------------------------------+-----
Shields        | 4 5 7 9 |  9.0
Axes           | 3 4 5 6 8 |  8.2
Polearms       | 5 8 10 11 | 11.2
Staves         | 5 8 10 11 | 11.6
Fighting       | |  3.2
Armour         | |  3.5

Action                   |  1- 3 |  4- 6 |  7- 9 | 10-12 || total
-------------------------+-------+-------+-------+-------++-------
Melee: War axe           |   123 |   175 |   176 |       ||   474
       Lajatang          |       |       |   104 |   435 ||   539
 Fire: Shortbow          |       |       |       |    55 ||    55
Throw: Stone             |    56 |    94 |   126 |    67 ||   343
Invok: Heroism           |       |       |     9 |    14 ||    23
  Use: Potion            |       |     1 |     1 |     6 ||     8
       Scroll            |       |       |    14 |       ||    14
Armor: Scale mail        |    59 |       |       |       ||    59
       Chain mail        |    16 |    62 |    59 |       ||   137
       Ice dragon scales |       |       |    46 |   105 ||   151
       Skin              |       |       |       |    12 ||    12
Dodge: Dodged            |    59 |    37 |    83 |   125 ||   304
Block: Kite shield       |    91 |    95 |   184 |   252 ||   622

Table legend: (Time is in decaauts)
 A = Elapsed time spent in this place.
 B = Non-inter-level travel time spent in this place.
 C = Inter-level travel time spent in this place.
 D = Time resting spent in this place.
 E = Time spent auto-exploring this place.
 F = Levels seen in this place.
 G = Mean time per level.
                   A        B        C        D        E       F      G
               +--------+--------+--------+--------+--------+-----+--------+
         Total |  12681 |  12236 |    445 |   1716 |   7866 |  14 |  905.8 |
       Dungeon |  12065 |  11680 |    385 |   1615 |   7572 |  10 | 1206.5 |
        Temple |    147 |    100 |     47 |      0 |     99 |   1 |  147.0 |
          Lair |     34 |     34 |      0 |      0 |      5 |   1 |   34.0 |
  Orcish Mines |    433 |    420 |     13 |    101 |    190 |   2 |  216.5 |
               +--------+--------+--------+--------+--------+-----+--------+

Top non-repeatable levels by time:
    D:10: 1616 daAuts
     D:3: 1487 daAuts
     D:6: 1449 daAuts
     D:7: 1255 daAuts
     D:4: 1251 daAuts
     D:9: 1135 daAuts
     D:5: 1119 daAuts
     D:1: 1019 daAuts
     D:8: 999 daAuts
     D:2: 732 daAuts
   Orc:1: 399 daAuts
  Temple: 147 daAuts
  Lair:1: 34 daAuts
   Orc:2: 34 daAuts
